 Dungeon Crawl Stone Soup version 0.18.1-48-g4cf74bf (webtiles) character file.

231 Mesmaeker13 the Slasher (level 5, -4/42 HPs)
             Began as a Demonspawn Gladiator on July 13, 2016.
             Slain by Pikel
             ... wielding a +1 whip of electrocution
              (16 damage)
             ... on level 4 of the Dungeon.
             The game lasted 00:06:27 (2426 turns).

Mesmaeker13 the Slasher (Demonspawn Gladiator)      Turns: 2426, Time: 00:06:28

Health: -4/42      AC: 12    Str: 16    XL:     5   Next: 73%
Magic:  0/5        EV:  5    Int: 10    God:
Gold:   136        SH:  0    Dex: 13    Spells: 0 memorised, 4 levels left

rFire  . . .     SeeInvis .     a - +1 long sword
rCold  . . .     Gourm    .     j - +0 plate armour
rNeg   . . .     Faith    .     (no shield)
rPois  .         Spirit   +     (helmet restricted)
rElec  .         Dismiss  .     q - +0 cloak
rCorr  .         Reflect  .     (no gloves)
SustAt .         Harm     .     (no boots)
MR     .....                    o - amulet of guardian spirit
Stlth  ..........               (no ring)
                                (no ring)

@: not resistant to hostile enchantments, extremely unstealthy
A: horns 1
a: no special abilities


You were on level 4 of the Dungeon.
You were not hungry.

You visited 1 branch of the dungeon, and saw 4 of its levels.

You collected 136 gold pieces.

Inventory:

Hand Weapons
 a - a +1 long sword (weapon)
Missiles
 n - 6 needles of sleeping
 w - 7 needles of confusion
Armour
 b - a +0 leather armour
 c - a +0 helmet
 j - a +0 plate armour (worn)
 q - a +0 cloak (worn)
Jewellery
 o - an amulet of guardian spirit (around neck)
Scrolls
 e - a scroll of blinking
 g - a scroll of recharging
 h - a scroll of enchant armour {unknown}
 i - 6 scrolls of enchant weapon
 k - 4 scrolls of remove curse
 m - a scroll of noise {unknown}
 p - a scroll of random uselessness {unknown}
 r - a scroll of amnesia {unknown}
Potions
 l - a potion of brilliance {unknown}
 v - 2 potions of agility {unknown}
 x - a potion of curing {unknown}
 z - 3 potions of degeneration {unknown}
 B - a potion of flight {unknown}
 C - 2 potions of heal wounds
Comestibles
 f - 3 bread rations
 s - a slice of pizza
 t - a royal jelly
 u - a meat ration
 A - 2 chunks of flesh


   Skills:
 + Level 3.9 Fighting
 + Level 4.0 Long Blades
 - Level 1.7 Throwing
 + Level 2.6 Armour
 - Level 2.6 Dodging


You had 4 spell levels left.
You didn't know any spells.

Dungeon Overview and Level Annotations

Branches:
Dungeon (4/15)
 Temple: D:4-7

Altars:
Okawaru
Qazlal
Sif Muna

Shops:
D:4 *

Annotations:
D:4 Pikel


Innate Abilities, Weirdness & Mutations

You have a pair of small horns on your head.


Message History

Pikel barely misses you.
You hit Pikel.
Pikel is heavily wounded.
Pikel hits you but does no damage.
You are electrocuted!
You slash Pikel! Your headbutt misses Pikel.
Pikel is severely wounded.
Pikel hits you but does no damage.
You slash Pikel! You headbutt Pikel.
Pikel is almost dead.
Pikel hits you with a whip of electrocution.
You are electrocuted!
You closely miss Pikel.
Pikel is almost dead.
Pikel hits you with a whip of electrocution.
You closely miss Pikel. Your headbutt misses Pikel.
Pikel is almost dead.
Pikel hits you with a whip of electrocution.
* * * LOW HITPOINT WARNING * * *
You are electrocuted!
You die...

#####
###...##############
#.....(...ppK@.....#
#.##.##.##p#######.#
#...#.....######.#
.Kp.............#.#
...._........###.#.#
#...........+#.#...#.###
#
#...#...#..#.#>........+
.
#.#?##.##..[)#.#.#.#.###
# ......#..#.#.#.#.# #.
#####


You could see Pikel and 3 slaves.

Vanquished Creatures
  A slave (D:4)
  An iguana (D:4)
  2 worker ants (D:4)
  A hound skeleton (D:4)
  8 adders
  An ooze (D:2)
  3 worms
  A giant gecko (D:1)
  An orc (D:3)
  2 ball pythons
  5 giant cockroaches
  3 goblins
  8 hobgoblins
  9 kobolds
  2 quokkas
  8 bats
  3 giant newts
  A quokka skeleton (D:4)
  7 rats
67 creatures vanquished.

Notes
Turn   | Place    | Note
--------------------------------------------------------------
     0 | D:1      | Mesmaeker13 the Demonspawn Gladiator began the quest for the Orb.
     0 | D:1      | Reached XP level 1. HP: 16/16 MP: 1/1
     1 | D:1      | Noticed an electric eel
   243 | D:1      | Reached skill level 3 in Long Blades
   255 | D:1      | Gained mutation: You have a pair of small horns on your head. [demonic ancestry]
   255 | D:1      | Reached XP level 2. HP: 20/22 MP: 2/2
   595 | D:2      | Reached skill level 1 in Armour
   609 | D:2      | Reached XP level 3. HP: 19/28 MP: 3/3
   848 | D:2      | Reached XP level 4. HP: 34/35 MP: 4/4
   973 | D:2      | Found a deep blue altar of Sif Muna.
  1708 | D:3      | Found a stormy altar of Qazlal.
  2091 | D:3      | Reached XP level 5. HP: 39/41 MP: 3/5
  2324 | D:4      | Found Cuoxezin's General Store.
  2348 | D:4      | Reached skill level 4 in Long Blades
  2386 | D:4      | Found an iron altar of Okawaru.
  2396 | D:4      | Noticed a slave
  2396 | D:4      | Noticed a slave
  2396 | D:4      | Noticed a slave
  2396 | D:4      | Noticed a slave
  2397 | D:4      | Noticed Pikel
  2412 | D:4      | Killed a slave
  2426 | D:4      | Slain by Pikel

Skill      XL: |  1  2  3  4  5 |
---------------+----------------+-----
Long Blades    | 3 4 |  4.0
Armour         | 1 2 |  2.6
Fighting       | 3 |  3.9
Throwing       | |  1.7
Dodging        | |  2.6

Action                   |  1- 3 |  4- 6 || total
-------------------------+-------+-------++-------
Melee: Long sword        |    87 |   156 ||   243
       Headbutt          |     8 |    26 ||    34
Throw: Throwing net      |       |     3 ||     3
  Use: Scroll            |       |     4 ||     4
       Potion            |       |     1 ||     1
 Stab: Held in net/web   |       |     2 ||     2
  Eat: Chunk             |       |     5 ||     5
Armor: Plate armour      |    70 |   121 ||   191
       Leather armour    |     3 |       ||     3
Dodge: Dodged            |    31 |    56 ||    87
